 Dungeon Crawl Stone Soup version 0.18.1-50-g88ac8fd (webtiles) character file.

1682 grisgris the Thaumaturge (level 8, -8/41 HPs)
             Began as a Deep Elf Conjurer on Nov 7, 2016.
             Was a Believer of Vehumet.
             Splashed by an oklob plant's acid (11 damage)
             ... on level 7 of the Dungeon.
             The game lasted 00:23:17 (6210 turns).

grisgris the Thaumaturge (Deep Elf Conjurer)        Turns: 6210, Time: 00:23:19

Health: -8/41      AC:  9    Str:  8    XL:     8   Next: 71%
Magic:  12/24      EV: 13    Int: 23    God:    Vehumet [**....]
Gold:   249        SH:  0    Dex: 18    Spells: 4 memorised, 16 levels left

rFire  x . .     SeeInvis .     g - +2 dagger (protect)
rCold  + . .     Gourm    .     B - +0 robe
rNeg   . . .     Faith    .     (no shield)
rPois  .         Spirit   .     a - +2 helmet "Ylaw Les" {Dex+3}
rElec  .         Dismiss  .     (no cloak)
rCorr  .         Reflect  .     A - +2 pair of gloves {Str+3}
SustAt .         Harm     .     (no boots)
MR     .....                    (no amulet)
Stlth  ++........               q - ring of flight
                                d - ring of ice

@: corroded, not resistant to hostile enchantments, unstealthy
A: no striking features
a: Renounce Religion, Evoke Flight


You were on level 7 of the Dungeon.
You worshipped Vehumet.
Vehumet was pleased with you.
You were not hungry.

You visited 2 branches of the dungeon, and saw 8 of its levels.

You collected 249 gold pieces.

Inventory:

Hand Weapons
 e - a +0 dagger
 g - a +2 dagger of protection (weapon)
 w - a +1 dagger of venom
Armour
 a - the +2 helmet "Ylaw Les" (worn) {Dex+3}
   (You found it on level 7 of the Dungeon)

   It affects your dexterity (+3).
 A - a +2 pair of gloves of strength (worn)
 B - a +0 robe (worn)
Jewellery
 d - a ring of ice (left hand)
 h - a +5 ring of slaying {unknown}
 q - a ring of flight (right hand)
Wands
 p - a wand of paralysis (7/24)
 y - a wand of flame (22/48)
Scrolls
 j - 2 scrolls of fog
 k - a scroll of enchant armour
 m - 4 scrolls of remove curse
 n - 2 scrolls of amnesia
 o - a scroll of random uselessness {unknown}
 s - 3 scrolls of enchant weapon {unknown}
 v - a scroll of blinking {unknown}
 x - a scroll of silence {unknown}
Potions
 i - 3 potions of curing
 r - a potion of brilliance
 t - 2 potions of agility
 u - a potion of resistance {unknown}
 z - a potion of invisibility {unknown}
Books
 b - a book of Conjurations

   Spells                             Type                      Level
   a - Magic Dart                     Conjuration                  1
   b - Searing Ray                    Conjuration                  2
   c - Dazzling Spray                 Conjuration/Hexes            3
   d - Fulminant Prism                Conjuration/Hexes            4
   e - Iskenderun's Mystic Blast      Conjuration                  4
   f - Iskenderun's Battlesphere      Conjuration/Charms           5
Comestibles
 c - 5 bread rations
 f - 6 meat rations


   Skills:
 - Level 2.4 Dodging
 - Level 2.4 Stealth
 * Level 10.5 Spellcasting
 * Level 8.8 Conjurations
 + Level 5.2 Charms


You had 16 spell levels left.
You knew the following spells:

 Your Spells              Type           Power        Failure   Level  Hunger
a - Magic Dart            Conj           ####         1%          1    None
b - Searing Ray           Conj           ######       1%          2    None
c - Iskenderun's Battles  Conj/Chrm      #####...     10%         5    ####...
d - Iskenderun's Mystic   Conj           ######..     1%          4    #......


Dungeon Overview and Level Annotations

Branches:
Dungeon (7/15)             Temple (1/1) D:4

Altars:
Elyvilon
Fedhas
Gozag
Kikubaaqudgha
Makhleb
Okawaru
Pakellas
Qazlal
Ru
Sif Muna
Vehumet

Annotations:
D:4 Eustachio
D:7 exclusion: oklob plant


Message History

Confirm with . or Enter, or press ? or * to list all spells.
Aiming: Magic Dart
Press: ? - help, Shift-Dir - straight line, f/p - oklob plant
Aim: an oklob plant (severely damaged)
The magic dart hits the oklob plant.
The oklob plant is severely damaged.
The oklob plant spits acid at you. The splash of acid hits you!
The acid burns!
Casting: Magic Dart
Confirm with . or Enter, or press ? or * to list all spells.
Aiming: Magic Dart
Press: ? - help, Shift-Dir - straight line, f/p - oklob plant
Aim: an oklob plant (severely damaged)
The magic dart hits the oklob plant.
The oklob plant is severely damaged.
The oklob plant spits acid at you. The splash of acid hits you!
* * * LOW HITPOINT WARNING * * *
The acid corrodes you!
The acid burns!
You die...

..###)..###...#......#......###.#
#.# #...# #..#.......#####...#..#
#.###...###..#.......#...........
#....)......##.........###.#.#.##
...##..)##.####.....#### #.#...##
....##...# ###.......# #.#..##.
###>...#.# .#...##### ##...##.
##...#.# .#...# #......
#..#...###.##.@# #......
#.####......##......P. #......
#.# #..#.#....##..... #...... #.#
##...###### #... #...... #.#
###......# ## #####...... ##.#
#....#### ...#.......### #..#
#.#.## ####...#.##### ...##
#.#..####.........# .###
#.##.(.#..######..###


You could see an oklob plant.

Vanquished Creatures
  A hungry ghost (D:3)
  Menkaure (D:7)
  An ogre (D:7)
  2 centaurs
  A giant frog (D:6)
  A wyvern zombie (D:6)
  2 scorpions
  2 howler monkeys
  4 hounds
  6 jellies
  Jessica (D:2)
  Ijyb (D:2)
  4 orc wizards
  4 worker ants
  2 worker ant zombies
  3 gnolls (D:5)
  6 adders
  A shadow imp (D:7)
  15 oozes
  5 worms
  3 dart slugs
  2 giant geckos
  16 orcs
  4 ball pythons
  11 bats
  2 giant cockroaches
  14 goblins
  6 hobgoblins
  13 jackals
  2 quokkas
  A giant cockroach zombie (D:6)
  A giant gecko skeleton (D:6)
  5 giant newts
  12 kobolds
  8 rats
163 creatures vanquished.

Vanquished Creatures (others)
  6 fungi (D:7)
6 creatures vanquished.

Grand Total: 169 creatures vanquished

Notes
Turn   | Place    | Note
--------------------------------------------------------------
     0 | D:1      | grisgris the Deep Elf Conjurer began the quest for the Orb.
     0 | D:1      | Reached XP level 1. HP: 10/10 MP: 6/6
    60 | D:1      | Reached XP level 2. HP: 15/15 MP: 1/8
    64 | D:1      | Learned a level 2 spell: Searing Ray
   274 | D:1      | Reached skill level 5 in Conjurations
   410 | D:1      | Reached XP level 3. HP: 12/19 MP: 3/10
   503 | D:1      | Reached skill level 4 in Spellcasting
  1220 | D:2      | Reached XP level 4. HP: 24/24 MP: 6/12
  1563 | D:2      | Reached skill level 5 in Spellcasting
  1564 | D:2      | Noticed Ijyb
  1573 | D:2      | Paralysed by Ijyb for 7 turns
  1590 | D:2      | Killed Ijyb
  1932 | D:2      | Reached XP level 5. HP: 28/28 MP: 5/14
  2012 | D:2      | Noticed Jessica
  2016 | D:2      | Killed Jessica
  2254 | D:3      | Noticed a hungry ghost
  2260 | D:3      | Killed a hungry ghost
  2260 | D:3      | Reached skill level 6 in Spellcasting
  2260 | D:3      | Reached XP level 6. HP: 32/32 MP: 6/17
  2793 | D:3      | Found an iron altar of Okawaru.
  3033 | D:4      | Found a staircase to the Ecumenical Temple.
  3045 | Temple   | Entered the Ecumenical Temple
  3172 | Temple   | Became a worshipper of Vehumet
  3235 | D:4      | Learned a level 5 spell: Iskenderun's Battlesphere
  3260 | D:4      | Noticed Eustachio
  3365 | D:4      | Learned a level 4 spell: Iskenderun's Mystic Blast
  3404 | D:4      | Reached skill level 7 in Spellcasting
  3404 | D:4      | Reached skill level 1 in Charms
  3450 | D:5      | Entered Level 5 of the Dungeon
  3702 | D:5      | Reached XP level 7. HP: 35/36 MP: 12/19
  4189 | D:5      | Reached skill level 8 in Spellcasting
  4414 | D:5      | Found an oddly glowing altar of Pakellas.
  4627 | D:6      | Found a stormy altar of Qazlal.
  4804 | D:6      | Reached * piety under Vehumet
  4804 | D:6      | Offered knowledge of Sting by Vehumet.
  5088 | D:6      | Reached skill level 9 in Spellcasting
  5088 | D:6      | Reached XP level 8. HP: 37/41 MP: 19/23
  5723 | D:7      | Noticed Menkaure
  5726 | D:7      | Killed Menkaure
  5744 | D:7      | Reached skill level 10 in Spellcasting
  5749 | D:7      | Got a spiked helmet
  5755 | D:7      | Identified the +2 helmet "Ylaw Les" {Dex+3} (You found it on level 7 of the Dungeon)
  5856 | D:7      | Reached skill level 5 in Charms
  5907 | D:7      | Offered knowledge of Sandblast by Vehumet.
  5958 | D:7      | Reached ** piety under Vehumet
  6116 | D:7      | Noticed an oklob plant
  6210 | D:7      | Splashed by an oklob plant's acid

Skill      XL: |  1  2  3  4  5  6  7  8 |
---------------+-------------------------+-----
Conjurations   | 5 6 7 8 |  8.8
Spellcasting   | 4 5 6 7 9 10 | 10.5
Charms         | 2 3 5 |  5.2
Dodging        | |  2.4
Stealth        | |  2.4

Action                   |  1- 3 |  4- 6 |  7- 9 || total
-------------------------+-------+-------+-------++-------
Melee: Dagger            |       |     6 |     3 ||     9
 Cast: Magic Dart        |    70 |   136 |   127 ||   333
       Searing Ray       |     1 |    10 |    14 ||    25
       Iskenderun's Batt |       |       |    10 ||    10
       Iskenderun's Myst |       |       |     1 ||     1
  Use: Scroll            |       |    10 |     5 ||    15
       Potion            |       |       |     1 ||     1
 Stab: Sleeping          |       |       |     1 ||     1
  Eat: Chunk             |     1 |     6 |     4 ||    11
       Fruit             |       |     2 |       ||     2
       Beef jerky        |       |       |     4 ||     4
Armor: Robe              |     2 |    10 |    17 ||    29
Dodge: Dodged            |     9 |    17 |    44 ||    70
